 Dungeon Crawl Stone Soup version 0.28.0-45-g0d030f2227 (webtiles) character file.

Game seed: 14108462368288748216

4452 pkoi the Stinger (level 9, -8/74 HPs)
             Began as a Demigod Venom Mage on Apr 7, 2022.
             Mangled by a shadow (29 damage)
             ... on level 8 of the Dungeon.
             The game lasted 00:25:03 (18309 turns).

pkoi the Stinger (Demigod Venom Mage)              Turns: 18309, Time: 00:25:04

Health: -8/74      AC:  6    Str: 11    XL:     9   Next: 93%
Magic:  16/16      EV: 11    Int: 35    God:
Gold:   449        SH:  0    Dex: 10    Spells: 0/14 levels left

rFire   . . .      SeeInvis .     - Unarmed
rCold   + . .      Faith    .   (no shield)
rNeg    . . .      Spirit   .   q - +1 ring mail "Cukhlull" {rC+ Str+2 Int+6 Dex-4}
rPois   .          Reflect  .   (no helmet)
rElec   .          Harm     .   (no cloak)
rCorr   +          Rampage  .   (no gloves)
Will    .....                   (no boots)
Stlth   +.........              (no amulet)
HPRegen 0.22/turn               u - +4 ring of slaying
MPRegen 0.15/turn               p - ring of resist corrosion

@: no status effects
A: high MP 1, forlorn, divine attributes
a: no special abilities


You were on level 8 of the Dungeon.
You visited 2 branches of the dungeon, and saw 9 of its levels.

You collected 449 gold pieces.

Inventory:

Hand Weapons
 h - a +0 dagger
 v - a +2 whip of electrocution
Missiles
 k - a throwing net
Armour
 a - a +1 robe
 q - the +1 ring mail "Cukhlull" (worn) {rC+ Str+2 Int+6 Dex-4}
   (You found it on level 5 of the Dungeon)

   Str:       It affects your strength (+2).
   Int:       It affects your intelligence (+6).
   Dex:       It affects your dexterity (-4).
   rC:        It protects you from cold.
Magical Staves
 b - a staff of air
Jewellery
 m - a +6 ring of dexterity
 p - a ring of resist corrosion (right hand)
 u - a +4 ring of slaying (left hand)
Wands
 i - a wand of mindburst (13)
 l - a wand of flame (41)
 o - a wand of iceblast (15)
 r - a wand of polymorph (6)
 s - a wand of digging (7)
Scrolls
 c - 2 scrolls of fog
 d - 7 scrolls of teleportation
 t - a scroll of vulnerability
 w - 2 scrolls of fear
 y - a scroll of identify
Potions
 f - 2 potions of brilliance
 g - a potion of curing
 n - 3 potions of flight


   Skills:
 + Level 5.0 Fighting
 + Level 3.8 Armour
 + Level 5.4 Dodging
 - Level 1.7 Stealth
 + Level 5.1 Unarmed Combat
 - Level 3.0 Spellcasting
 + Level 2.5 Translocations
 + Level 4.0 Transmutations
 - Level 3.0 Air Magic
 + Level 6.3 Poison Magic
 - Level 3.0 Evocations


You couldn't memorise any spells.
You knew the following spells:

 Your Spells              Type           Power      Damage    Failure   Level
a - Sting                 Tmut/Pois      100%       1d8       1%          1
b - Poisonous Vapours     Pois/Air       74%        N/A       2%          2
c - Olgreb's Toxic Radia  Pois           49%        N/A       9%          4
d - Spider Form           Tmut/Pois      41%        N/A       4%          3
e - Passage of Golubria   Tloc           22%        N/A       38%         4

Your spell library contained the following spells:

 Spells                   Type           Power      Damage    Failure   Level
 Beastly Appendage        Tmut           66%        N/A       2%          1
 Wereblood                Tmut           33%        N/A       3%          2
 Corpse Rot               Necr/Air       30%        N/A       10%         2
 Mephitic Cloud           Conj/Pois/Air  26%        N/A       10%         3
 Silence                  Hex/Air        7%         N/A       86%         5
 Dispersal                Tloc           11%        N/A       99%         6
 Disjunction              Tloc           11%        N/A       100%        8
 Lehudib's Crystal Spear  Conj/Erth      2%         10d2      100%        8


Dungeon Overview and Level Annotations

Branches:
Dungeon (8/15)             Temple (1/1) D:7
   Lair: D:8-11

Shops:
D:2 *


Innate Abilities, Weirdness & Mutations

You have an increased reservoir of magic. (+10% MP)
You shall have no god before yourself.
Your divine heritage dramatically boosts your attributes as you level up.


Message History

The shadow flickers and vanishes!
Deactivating autopickup; reactivate with Ctrl-A.
You barely miss something.
The shadow strikes at you from the darkness!
* * * LOW HITPOINT WARNING * * *
Reactivating autopickup.
You hit the shadow.
The shadow is lightly damaged.
The shadow hits you.
You completely miss the shadow.
The shadow is lightly damaged.
The shadow hits you!
* * * LOW HITPOINT WARNING * * *
You barely miss the shadow.
The shadow is lightly damaged.
The shadow hits you.
* * * LOW HITPOINT WARNING * * *
You completely miss the shadow.
The shadow is lightly damaged.
The shadow hits you!
* * * LOW HITPOINT WARNING * * *
You hit the shadow.
The shadow is moderately damaged.
The shadow hits you.
You hit the shadow but do no damage.
The shadow is moderately damaged.
The shadow slips into darkness.
The shadow flickers and vanishes!
Deactivating autopickup; reactivate with Ctrl-A.
You barely miss something.
The shadow strikes at you from the darkness!
Reactivating autopickup.
The shadow hits you.
* * * LOW HITPOINT WARNING * * *
There is an open door here.
The shadow slips into darkness.
The shadow flickers and vanishes!
Deactivating autopickup; reactivate with Ctrl-A.
The shadow strikes at you from the darkness!
You die...

####.##### ##..#.#...##
#..........###
#........[...###
##.............###
#>...).)<.))..#.##
###......((.).)....#
###.........()..#.#....
##.........@..##..##
..# #............).#..#
. ###.##............#
######...(.....##
####.........#
#.........##.#
######'######..
#...#...#....
+...'...##...


There were no monsters in sight!

Vanquished Creatures
  An ugly thing (D:8)
  Grinder (D:6)
  3 wyverns (D:7)
  2 basilisks
  3 steam dragons (D:7)
  5 water moccasins (D:7)
  A hornet zombie (D:7)
  A sky beast (D:6)
  An orc warrior (D:7)
  An ogre (D:4)
  A necrophage (D:6)
  A centaur (D:7)
  A kobold brigand (D:8)
  A bullfrog (D:7)
  A gnoll sergeant (D:8)
  3 scorpions
  A water moccasin zombie (D:5)
  A wyvern zombie (D:6)
  5 killer bees (D:5)
  4 wights
  A howler monkey (D:6)
  2 centaur zombies
  4 orc priests
  A bullfrog skeleton (D:6)
  2 hounds (D:5)
  7 orc wizards
  17 gnolls
  9 adders
  A shadow imp (D:6)
  An ufetubus (D:5)
  An adder skeleton (D:5)
  3 worms
  3 dart slugs
  27 orcs
  8 bats
  7 endoplasms
  5 giant cockroaches
  13 goblins
  7 hobgoblins
  3 jackals (D:1)
  4 quokkas
  9 ball pythons
  5 frilled lizards
  7 kobolds
  4 rats
189 creatures vanquished.

Vanquished Creatures (others)
  2 fungi (D:8)
  8 plants (D:8)
10 creatures vanquished.

Grand Total: 199 creatures vanquished

Notes
Turn   | Place    | Note
-------+----------+-------------------------------------------
     0 | D:1      | pkoi the Demigod Venom Mage began the quest for the Orb.
     0 | D:1      | Reached XP level 1. HP: 14/14 MP: 5/5
    25 | D:1      | Reached skill level 1 in Transmutations
   281 | D:1      | Reached skill level 3 in Poison Magic
   684 | D:1      | Reached XP level 2. HP: 20/20 MP: 5/7
   775 | D:1      | You fall into a shaft and drop 1 floor!
  1200 | D:1      | Reached XP level 3. HP: 26/26 MP: 5/8
  2234 | D:2      | Learned a level 2 spell: Poisonous Vapours
  2277 | D:2      | Found Bumistrew's General Store.
  2676 | D:2      | Reached XP level 4. HP: 34/34 MP: 7/9
  4362 | D:4      | Reached skill level 1 in Fighting
  4581 | D:4      | Learned a level 4 spell: Olgreb's Toxic Radiance
  4762 | D:3      | Reached XP level 5. HP: 12/39 MP: 3/10
  5201 | D:4      | Reached skill level 1 in Air Magic
  5228 | D:3      | Reached skill level 1 in Unarmed Combat
  5820 | D:3      | Reached skill level 4 in Poison Magic
  6086 | D:4      | Reached XP level 6. HP: 47/47 MP: 4/12
  6916 | D:5      | Entered Level 5 of the Dungeon
  7232 | D:5      | Reached XP level 7. HP: 48/55 MP: 9/14
  7858 | D:5      | HP: 2/56 [killer bee (5)]
  8876 | D:5      | Identified the +1 ring mail "Cukhlull" {rC+ Str+2 Int+6
                  | Dex-4}
  9316 | D:6      | Noticed Grinder
  9337 | D:6      | Killed Grinder
  9338 | D:6      | Reached skill level 1 in Armour
  9338 | D:6      | Reached skill level 1 in Evocations
  9338 | D:6      | Reached XP level 8. HP: 51/63 MP: 9/15
  9678 | D:6      | Reached skill level 5 in Poison Magic
 11189 | D:7      | Found a staircase to the Ecumenical Temple.
 11199 | Temple   | Entered the Ecumenical Temple
 11842 | D:7      | Learned a level 3 spell: Spider Form
 12911 | D:7      | HP: 2/66 [something/ball of steam (22)]
 12917 | D:7      | Reached XP level 9. HP: 3/71 MP: 7/16
 13353 | D:7      | Learned a level 4 spell: Passage of Golubria
 14289 | D:7      | HP: 3/106 [water moccasin (3)]
 14290 | D:7      | HP: 1/106 [water moccasin (2)]
 14292 | D:7      | Reached skill level 1 in Translocations
 15089 | D:7      | Reached skill level 5 in Dodging
 15599 | D:7      | Reached skill level 6 in Poison Magic
 17940 | D:8      | Reached skill level 5 in Unarmed Combat
 18006 | D:8      | Noticed a purple ugly thing
 18058 | D:8      | Killed a purple ugly thing
 18059 | D:8      | Reached skill level 5 in Fighting
 18309 | D:8      | Mangled by a shadow

Illustrated notes

Levels and vault maps discovered:
D:1:      beargit_arrival_diablo_church, layout_basic, minivault_5
D:2:      layout_loops_cross, basic_altar,
          dreamdust_ecumenical_altar_hidden_monk_grotto, serial_shops,
          nicolae_shop_stone
D:3:      layout_loops_ring
D:4:      layout_gridville, nrook_campfire, serial_park_tiny_pond
D:5:      layout_rooms, tgw_sif, serial_bayou_pond_d
D:6:      layout_rooms, uniq_grinder
D:7:      layout_loops_corners, minmay_temple_entry_stoned_glass
D:8:      layout_cave_pools, minmay_lair_entry_grove, minmay_evil_grid
Temple:   compressed_dpeg_triangle_lava_temple

Skill      XL: |  1  2  3  4  5  6  7  8  9 |
---------------+----------------------------+-----
Transmutations | 1 2 3 4 |  4.0
Poison Magic   | 3 4 5 6 |  6.3
Dodging        | 2 3 4 5 |  5.4
Fighting       | 1 2 3 4 5 |  5.0
Spellcasting   | 2 3 |  3.0
Air Magic      | 1 2 3 |  3.0
Unarmed Combat | 1 2 3 4 5 |  5.1
Armour         | 1 2 3 |  3.8
Evocations     | 1 2 3 |  3.0
Translocations | 2 |  2.5
Stealth        | |  1.7

Action                   |  1- 3 |  4- 6 |  7- 9 || total
-------------------------+-------+-------+-------++-------
Melee: Unarmed           |    10 |       |    24 ||    34
       Staff             |       |    10 |    81 ||    91
       Punch             |       |     1 |     5 ||     6
       Whip              |       |       |    14 ||    14
 Cast: Sting             |    93 |    76 |   153 ||   322
       Poisonous Vapours |       |    56 |    66 ||   122
       Olgreb's Toxic Ra |       |       |     3 ||     3
Evoke: Wand              |       |       |    14 ||    14
  Use: Scroll            |       |     8 |     6 ||    14
       Potion            |       |       |    10 ||    10
Armor: Robe              |    13 |     8 |     8 ||    29
       Ring mail         |       |       |    73 ||    73
       Skin              |       |       |     4 ||     4
Dodge: Dodged            |    45 |    40 |   196 ||   281
